Map: Parasitismo LE

Players

AlexDoblas

  • Race: Protoss Protoss
  • Spawn Location: 11:00

Vicster - Winner!

  • Race: Terran Terran
  • League: Gold
  • Spawn Location: 5:00

VOD

Have the link to the VOD?

Description

Time

  • Played on: Jan. 5, 2019, 12:14 p.m.
  • Length: 12:13
Show
View Real Time Build Order
Export as new Build Order

AlexDoblas Protoss 

Build Orders:  

Get SALT Encoding   

  12  0:01  Probe  
  13  0:13  Probe  
  14  0:20  Pylon  
  14  0:26  Probe  
  15  0:39  Gateway  
  15  0:41  Probe  
  15  0:49  Probe  
  16  0:56  Assimilator  
  17  1:04  Probe  
  18  1:15  Probe  
  19  1:23  Probe  
  19  1:31  Probe, Cybernetics Core  
  21  1:47  Nexus  
  21  1:51  Probe  
  21  1:52  Assimilator  
  22  1:58  Warp Gate  
  22  2:03  Probe  
  23  2:15  Pylon  
  23  2:33  Stalker  
  25  2:40  Probe  
  26  2:52  Probe  
  27  3:04  Probe  
  27  3:16  Probe  
  28  3:23  Stalker  
  28  3:24  Probe  
  31  3:28  Probe  
  32  3:38  Probe  
  33  3:47  Stargate  
  33  3:48  Stargate  
  33  3:50  Probe  
  34  4:00  Nexus  
  34  4:01  Stalker  
  34  4:02  Probe  
  37  4:10  Pylon  
  37  4:14  Probe  
  38  4:26  Probe, Stalker  
  41  4:38  Probe, Assimilator  
  41  4:40  Assimilator  
  42  4:47  Oracle  
  42  4:51  Probe  
  46  4:57  Oracle  
  49  5:03  Probe  
  50  5:11  Probe  
  50  5:12  Probe  
  50  5:13  Zealot  
  53  5:19  Probe  
  54  5:25  Probe  
  54  5:27  Assimilator  
  56  5:29  Probe  
  56  5:34  Zealot  
  56  5:35  Assimilator  
  59  5:38  Pylon  
  59  5:41  Probe  
  60  5:46  Void Ray x2  
  60  5:47  Probe  
  68  5:55  Probe  
  68  5:56  Probe  
  70  6:00  Pylon  
  71  6:04  Probe  
  71  6:08  Probe  
  73  6:17  Probe  
  74  6:20  Probe  
  75  6:29  Probe  
  75  6:30  Void Ray x2  
  75  6:32  Probe  
  85  6:51  Pylon  
  85  6:52  Pylon  
  85  6:53  Pylon  
  85  6:56  Pylon  
  85  7:06  Void Ray x2, Probe  
  85  7:14  Probe  
  95  7:23  Probe  
  95  7:28  Pylon  
  96  7:32  Pylon  
  96  7:33  Gateway  
  96  7:35  Probe  
  97  7:39  Gateway  
  97  7:47  Probe  
  97  7:49  Void Ray x2  
  106  8:02  Probe  
  107  8:06  Probe  
  100  8:14  Probe  
  100  8:18  Probe  
  80  8:36  Void Ray x2  
  80  8:40  Zealot x2  
  80  8:41  Zealot  
  80  9:06  Gateway  
  80  9:07  Gateway  
  80  9:08  Stargate  
  80  9:10  Stargate  
  80  9:12  Robotics Facility  
  80  9:15  Gateway  
  80  9:27  Twilight Council  
  80  9:28  Pylon  
  80  9:30  Oracle x2  
  86  9:36  Pylon  
  86  9:38  Pylon  
  86  9:49  Nexus  
  86  9:56  Void Ray x2  
  86  9:59  Protoss Air Weapons Level 1  
  94  10:10  Observer  
  95  10:20  Void Ray x2  
  100  10:58  Void Ray  
  100  10:59  Void Ray  
  108  11:13  Zealot x4  
  108  11:14  Zealot x2  
  108  11:17  Observer  
  121  11:23  Void Ray  
  125  11:37  Pylon  
  125  11:40  Assimilator, Pylon  
  125  11:44  Assimilator, Pylon  
  125  11:46  Zealot x4  
Show
View Real Time Build Order
Export as new Build Order

Vicster Terran - Winner!

Build Orders:  

Get SALT Encoding   

  12  0:01  SCV  
  13  0:13  SCV  
  14  0:18  Supply Depot  
  14  0:25  SCV  
  15  0:33  Refinery  
  15  0:40  SCV  
  16  0:45  Barracks  
  16  0:52  SCV  
  17  1:04  SCV  
  18  1:16  SCV  
  19  1:28  SCV  
  21  1:32  Reaper  
  21  1:40  Orbital Command  
  21  1:52  Command Center  
  21  2:05  Factory  
  21  2:06  SCV  
  22  2:14  Refinery  
  22  2:18  SCV  
  23  2:24  Barracks Reactor  
  23  2:30  Supply Depot  
  23  2:48  Supply Depot  
  23  2:52  SCV  
  24  3:04  SCV  
  25  3:16  SCV  
  26  3:25  Marine x2  
  26  3:26  Factory Tech Lab  
  28  3:31  Starport  
  28  3:33  Barracks  
  28  3:36  Barracks  
  28  3:39  Supply Depot  
  28  3:40  Orbital Command  
  28  3:45  Marine, Refinery  
  28  3:46  Marine  
  30  3:51  Siege Tank  
  33  4:04  SCV  
  33  4:07  SCV  
  35  4:14  Supply Depot  
  35  4:16  SCV  
  36  4:17  Marine  
  36  4:21  Starport Reactor  
  37  4:25  Barracks Tech Lab  
  37  4:28  SCV  
  37  4:30  Barracks Tech Lab  
  38  4:34  SCV  
  39  4:40  SCV  
  39  4:50  Siege Tank  
  39  4:52  Stimpack  
  42  4:55  Marine x2  
  42  4:56  Marine x2  
  46  5:05  Supply Depot  
  46  5:07  SCV, Supply Depot  
  46  5:12  Refinery  
  47  5:15  SCV  
  47  5:19  SCV  
  49  5:22  Marine  
  49  5:23  Marine  
  49  5:25  Medivac  
  49  5:27  SCV  
  54  5:28  Combat Shield  
  54  5:31  SCV  
  54  5:34  Marine x2  
  57  5:39  SCV  
  57  5:40  Marine x2  
  60  5:43  SCV  
  61  5:51  SCV  
  61  5:52  Marine x2  
  61  5:54  Engineering Bay  
  61  5:56  SCV  
  65  5:58  Marine, Siege Tank  
  65  5:59  Marauder  
  65  6:03  SCV  
  72  6:08  SCV  
  72  6:09  Marine  
  72  6:10  Marine  
  72  6:11  Medivac  
  77  6:16  Marauder  
  78  6:20  SCV, Engineering Bay  
  75  6:27  Marine  
  72  6:37  SCV x2  
  71  6:49  SCV  
  71  6:50  SCV, Terran Infantry Weapons Level 1  
  73  7:01  SCV  
  73  7:02  SCV  
  73  7:06  Terran Infantry Armor Level 1  
  75  7:13  SCV  
  75  7:14  SCV  
  77  7:26  SCV x2  
  79  7:31  Missile Turret  
  79  7:34  Missile Turret  
  79  7:38  SCV x2, Supply Depot  
  79  7:40  Supply Depot  
  80  7:50  SCV  
  73  8:00  SCV  
  73  8:02  SCV  
  75  8:12  SCV  
  76  8:14  SCV  
  74  8:24  SCV  
  54  8:57  Marine x3  
  54  8:58  Marine  
  54  9:00  Cyclone  
  54  9:02  Medivac x2  
  65  9:10  Armory  
  65  9:15  Marine x4, Barracks x2  
  69  9:17  Barracks  
  69  9:24  SCV x2  
  69  9:27  Refinery  
  69  9:28  Command Center  
  71  9:32  Refinery, Cyclone  
  71  9:33  Marine x4  
  71  9:36  SCV x2  
  80  9:48  SCV  
  80  9:50  Marine  
  83  10:00  SCV x2  
  83  10:03  Barracks Reactor x2  
  83  10:04  Barracks Reactor  
  84  10:09  Marine x2  
  84  10:11  Thor  
  84  10:12  SCV  
  84  10:13  SCV  
  84  10:14  Marine x2  
  96  10:26  SCV x2  
  96  10:27  Marine x2  
  100  10:38  SCV x2  
  89  10:50  SCV  
  83  11:07  Orbital Command  
  83  11:11  Missile Turret  
  83  11:12  SCV  
  83  11:13  SCV  
  85  11:23  Marine x3  
  85  11:24  Marine  
  85  11:25  SCV x2  
  91  11:37  SCV x2  
  93  11:49  SCV x2  
  86  12:01  SCV x2  
Tags
 
League
Gold
Matchup
PvT
Replay Pack
Vicster replay
Spawn Locations
Cross Positions
Add a new tag
Caveats
  • Supply blocks, unpowered buildings, or Contaminate may cause inaccurate times.
  • Supply counts are checked every 10 seconds.